 Dungeon Crawl Stone Soup version 0.19.5 (webtiles) character file.

3709 tricornhat the Basher (level 9, -11/68 HPs)
             Began as a Demonspawn Berserker on Apr 22, 2017.
             Was an Elder of Trog.
             Mangled by a cyan ugly thing (15 damage)
             ... on level 9 of the Dungeon.
             The game lasted 00:40:00 (8999 turns).

tricornhat the Basher (Demonspawn Berserker)        Turns: 8999, Time: 00:40:00

Health: -11/68     AC: 25    Str: 21    XL:     9   Next: 91%
Magic:  10/10      EV:  6    Int:  8    God:    Trog [****..]
Gold:   386        SH:  0    Dex: 11    Spells: 0 memorised, 8 levels left

rFire  . . .     SeeInvis .     a - +1 morningstar (drain)
rCold  . . .     Gourm    .     g - +1 chain mail
rNeg   . . .     Faith    .     (no shield)
rPois  .         Spirit   .     (no helmet)
rElec  .         Reflect  .     l - +0 cloak
rCorr  .         Harm     .     D - +0 pair of gloves
MR     .....                    o - +0 pair of boots
Stlth  ..........               (no amulet)
                                y - +4 ring of protection
                                x - +3 ring of evasion

@: sanguine armour, held
A: hooves 1, clumsy 1, deterioration 1, spiny 1, wild magic 1, sanguine armour 1
a: Berserk, Trog's Hand, Brothers in Arms, Burn Spellbooks, Renounce Religion


You were on level 9 of the Dungeon.
You worshipped Trog.
Trog was greatly pleased with you.
You were not hungry.

You visited 1 branch of the dungeon, and saw 9 of its levels.

You collected 386 gold pieces.

Inventory:

Hand Weapons
 a - a +1 morningstar of draining (weapon)
 b - a +1 shortbow of flaming
 I - a +2 mace
Missiles
 r - 32 arrows
Armour
 g - a +1 chain mail (worn)
 l - a +0 cloak (worn)
 o - a +0 pair of boots (worn)
 D - a +0 pair of gloves (worn)
Jewellery
 x - a +3 ring of evasion (left hand)
 y - a +4 ring of protection (right hand)
Wands
 e - a wand of acid (1/15)
 k - a wand of enslavement (10/24)
 m - a wand of lightning (1/15)
 n - a wand of flame (32/48)
 C - a wand of digging (8/24)
 G - a wand of lightning (0/15)
 K - a wand of lightning (6/15)
Scrolls
 d - 10 scrolls of identify
 j - 3 scrolls of remove curse
 w - 2 scrolls of fog
Potions
 p - a potion of lignification
Comestibles
 c - 2 bread rations
 f - a chunk of flesh
 h - 2 slices of pizza
 i - a meat ration
 q - a beef jerky
 t - a royal jelly


   Skills:
 + Level 5.2 Fighting
 * Level 10.2 Maces & Flails
 + Level 6.9 Armour
 + Level 3.4 Dodging
 + Level 0.8 Stealth
 + Level 1.6 Evocations


You had 8 spell levels left.
You didn't know any spells.

Dungeon Overview and Level Annotations

Branches:
Dungeon (9/15)             Temple (0/1) D:4
   Lair: D:8-11         Orc: D:9-12

Altars:
Fedhas

Shops:
D:7 }


Innate Abilities, Weirdness & Mutations

You have large cloven feet.
You are partially covered in sharp spines.
When seriously injured, your bleeding wounds create armour. (AC +6)
You are clumsy. (Dex -2)
Your body sometimes deteriorates upon taking damage.
Your spells are a little harder to cast, but a little more powerful.


Message History

The gnoll throws a throwing net.
The throwing net hits you.
You become entangled in the net!
The centaur warrior unwields an uncursed shortbow.
The centaur warrior is struck by your spines.
The centaur warrior hits you!
Your blood congeals into armour.
A wight comes into view. It is wielding a long sword.
You struggle against the net.
The cyan ugly thing is struck by your spines.
The cyan ugly thing pecks you. The cyan ugly thing shocks you!
* * * LOW HITPOINT WARNING * * *
The centaur warrior hits you but does no damage.
The orc warrior hits you from afar with a glaive!
* * * LOW HITPOINT WARNING * * *
Okay, then.
You feel better.
The centaur warrior completely misses you.
The cyan ugly thing pecks you!
* * * LOW HITPOINT WARNING * * *
The cyan ugly thing shocks you!
You die...

....... ....... #
....... . ....... #.
......#
#.##########....#
#....c.....#..#
...#.W.Yu@.><..##
..oz.c..(.go....#
W..#....o.......#
#................
#.....o..........
#......o(.........
........o..........
####................
##..............


You could see a cyan ugly thing, 2 centaur warriors, 2 orc warriors, an ice
beast, a shadow, a wight, a gnoll and 4 orcs.

Vanquished Creatures
  Pikel (D:4)
  Grinder (D:3)
  A hippogriff (D:8)
  Sigmund (D:6)
  Eustachio (D:6)
  A yak (D:8)
  Menkaure (D:6)
  Duvessa (D:4)
  An orc warrior (D:8)
  A sky beast (D:8)
  4 slaves (D:4)
  An ice beast (D:8)
  3 ogres
  2 centaurs (D:8)
  3 bullfrogs (D:6)
  A gnoll sergeant (D:8)
  Dowan (D:4)
  4 scorpions
  A water moccasin skeleton (D:4)
  4 crimson imps
  A bullfrog zombie (D:6)
  2 centaur zombies (D:8)
  A centaur skeleton (D:9)
  2 hounds
  An orc priest (D:3)
  Crazy Yiuf (D:2)
  Natasha (thrice) (D:2)
  A bullfrog skeleton (D:8)
  Terence (D:2)
  3 iguanas
  2 orc wizards (D:8)
  6 worker ants
  Ijyb (D:3)
  A worker ant zombie (D:7)
  3 gnolls
  8 adders
  5 shadow imps
  An ooze (D:4)
  An adder zombie (D:5)
  3 worms
  An adder skeleton (D:5)
  2 dart slugs
  2 leopard geckos
  27 orcs
  4 ball pythons
  3 giant cockroaches
  8 goblins
  7 hobgoblins
  2 jackals (D:4)
  4 kobolds
  6 quokkas
  7 bats
  4 frilled lizards
  7 rats
165 creatures vanquished.

Vanquished Creatures (others)
  An orc (D:3)
1 creature vanquished.

Grand Total: 166 creatures vanquished

Notes
Turn   | Place    | Note
-------+----------+-------------------------------------------
     0 | D:1      | tricornhat the Demonspawn Berserker began the quest for the Orb.
     0 | D:1      | Reached XP level 1. HP: 18/18 MP: 1/1
   415 | D:1      | Gained mutation: When seriously injured, your bleeding wounds create armour. (AC +6) [demonic ancestry]
   415 | D:1      | Reached XP level 2. HP: 24/24 MP: 2/2
  1144 | D:2      | Reached skill level 3 in Maces & Flails
  1304 | D:2      | Reached XP level 3. HP: 28/29 MP: 3/3
  1341 | D:2      | Found a faded altar of an unknown god.
  1344 | D:2      | Noticed Terence
  1365 | D:2      | Gained mutation: You are clumsy. (Dex -2) [potion of mutation]
  1365 | D:2      | Gained mutation: Your body sometimes deteriorates upon taking damage. [potion of mutation]
  1365 | D:2      | Gained mutation: Your spells are a little harder to cast, but a little more powerful. [potion of mutation]
  1387 | D:2      | Reached ** piety under Trog
  1723 | D:2      | Killed Terence
  1723 | D:2      | Reached XP level 4. HP: 35/35 MP: 4/4
  1798 | D:2      | Noticed Natasha
  1817 | D:2      | Killed Natasha
  1978 | D:2      | Noticed Natasha
  1989 | D:2      | Killed Natasha
  1989 | D:2      | Reached skill level 4 in Maces & Flails
  2028 | D:2      | Found a runed door.
  2032 | D:2      | Noticed Crazy Yiuf
  2036 | D:2      | Killed Crazy Yiuf
  2036 | D:2      | Reached XP level 5. HP: 41/41 MP: 5/5
  2057 | D:2      | Noticed Natasha
  2068 | D:2      | Killed Natasha
  2644 | D:3      | Noticed Grinder
  2657 | D:3      | Paralysed by Grinder for 2 turns
  2664 | D:3      | Paralysed by Grinder for 5 turns
  2673 | D:3      | Killed Grinder
  2673 | D:3      | Reached skill level 5 in Maces & Flails
  2673 | D:3      | Gained mutation: You are partially covered in sharp spines. [demonic ancestry]
  2673 | D:3      | Reached XP level 6. HP: 22/48 MP: 6/6
  3018 | D:3      | Noticed Ijyb
  3024 | D:3      | Killed Ijyb
  3436 | D:4      | Reached XP level 7. HP: 26/54 MP: 7/7
  3701 | D:4      | Noticed Pikel
  3718 | D:4      | Reached skill level 6 in Maces & Flails
  4312 | D:4      | Reached *** piety under Trog
  4358 | D:4      | Found a staircase to the Ecumenical Temple.
  4462 | D:4      | Noticed Duvessa
  4463 | D:4      | Noticed Dowan
  4468 | D:4      | Killed Dowan
  4471 | D:4      | Killed Duvessa
  4720 | D:4      | Killed Pikel
  4720 | D:4      | Reached skill level 7 in Maces & Flails
  4720 | D:4      | Reached skill level 5 in Armour
  4720 | D:4      | Reached skill level 1 in Evocations
  4720 | D:4      | Reached XP level 8. HP: 35/61 MP: 8/8
  5347 | D:5      | Entered Level 5 of the Dungeon
  6204 | D:6      | Noticed Sigmund
  6216 | D:6      | Killed Sigmund
  6216 | D:6      | Reached skill level 8 in Maces & Flails
  6330 | D:6      | Gained mutation: You have large cloven feet. [demonic ancestry]
  6330 | D:6      | Reached XP level 9. HP: 54/66 MP: 9/9
  6380 | D:6      | Noticed Menkaure
  6383 | D:6      | Noticed Eustachio
  6388 | D:6      | Killed Eustachio
  6391 | D:6      | Killed Menkaure
  6955 | D:6      | Reached **** piety under Trog
  7083 | D:7      | Found Laulot's Gadget Boutique.
  7115 | D:7      | Found a blossoming altar of Fedhas.
  7889 | D:8      | Reached skill level 9 in Maces & Flails
  7976 | D:8      | Reached skill level 5 in Fighting
  8660 | D:8      | Reached skill level 10 in Maces & Flails
  8989 | D:9      | Noticed a centaur warrior
  8989 | D:9      | Noticed a cyan ugly thing
  8991 | D:9      | Noticed a centaur warrior
  8999 | D:9      | Mangled by a cyan ugly thing

Skill      XL: |  1  2  3  4  5  6  7  8  9 |
---------------+----------------------------+-----
Armour         | 2 3 5 6 |  6.9
Dodging        | 2 3 |  3.4
Maces & Flails | 3 4 5 7 8 10 | 10.2
Fighting       | 4 5 |  5.2
Evocations     | 1 |  1.6
Stealth        | |  0.8

Action                   |  1- 3 |  4- 6 |  7- 9 || total
-------------------------+-------+-------+-------++-------
Melee: Mace              |   133 |   136 |   256 ||   525
       Morningstar       |       |       |    62 ||    62
       Kick              |       |       |     7 ||     7
Invok: Berserk           |     2 |     3 |     3 ||     8
Evoke: Wand              |       |       |     9 ||     9
  Use: Scroll            |     4 |     2 |    12 ||    18
       Potion            |     2 |       |     8 ||    10
 Stab: Sleeping          |     1 |       |       ||     1
  Eat: Chunk             |     3 |     5 |    12 ||    20
       Bread ration      |       |     1 |     1 ||     2
       Beef jerky        |       |       |     1 ||     1
       Fruit             |       |       |     3 ||     3
Armor: Animal skin       |    37 |       |       ||    37
       Leather armour    |     2 |       |       ||     2
       Chain mail        |       |    69 |   165 ||   234
Dodge: Dodged            |   130 |    48 |   173 ||   351
